TOP OF THE 1ST |
Mexico City Cerveceros batting - Pitching for Albuquerque Isotopes : RHP Germán Hernández
|
Pitching: RHP Germán Hernández
|
|
Batting: SHB Richard Bowman
|
0-0: Called Strike 0-1: Foul Ball, location: 2F 0-2: Strikes out looking
|
Batting: RHB Murai Ishihara
|
0-0: Ball 1-0: Foul Ball, location: 2F 1-1: Called Strike 1-2: Strikes out swinging
|
Batting: RHB Hamilton Holbrook
|
0-0: Called Strike 0-1: Ground out 4-3 (Groundball, 4MS)
|
Top of the 1st over - 0 run(s), 0 hit(s), 0 error(s), 0 left on base; Mexico City 0 - Albuquerque 0 |
BOTTOM OF THE 1ST |
Albuquerque Isotopes batting - Pitching for Mexico City Cerveceros : LHP Sean Perry
|
Pitching: LHP Sean Perry
|
|
Batting: RHB Gonzalo Gil
|
0-0: Called Strike 0-1: Ball 1-1: Foul Ball, location: 2F 1-2: Foul Ball, location: 2F 1-2: Ball 2-2: Ball 3-2: Ground out 5-3 (Groundball, 5S)
|
Batting: RHB Víctor Solano
|
0-0: Ball 1-0: Fly out, F9 (Flyball, 9S)
|
Batting: RHB Will Lott
|
0-0: Ground out 6-3 (Groundball, 6M)
|
Bottom of the 1st over - 0 run(s), 0 hit(s), 0 error(s), 0 left on base; Mexico City 0 - Albuquerque 0 |
TOP OF THE 2ND |
Mexico City Cerveceros batting - Pitching for Albuquerque Isotopes : RHP Germán Hernández
|
Batting: RHB Dennis Stephenson
|
0-0: Ball 1-0: Swinging Strike 1-1: Fly out, F8 (Flyball, 8LD)
|
Batting: LHB Gary Kern
|
0-0: Ball 1-0: Ball 2-0: Swinging Strike 2-1: Swinging Strike 2-2: Ball 3-2: Strikes out swinging
|
Batting: RHB Robinson Pacheco
|
0-0: Foul Ball, location: 2F 0-1: Foul Ball, location: 2F 0-2: Foul Ball, location: 2F 0-2: Strikes out swinging
|
Top of the 2nd over - 0 run(s), 0 hit(s), 0 error(s), 0 left on base; Mexico City 0 - Albuquerque 0 |
BOTTOM OF THE 2ND |
Albuquerque Isotopes batting - Pitching for Mexico City Cerveceros : LHP Sean Perry
|
Batting: LHB Fernando Ortíz
|
0-0: Called Strike 0-1: Foul Ball, location: 2F 0-2: Foul Ball, location: 2F 0-2: SINGLE (Groundball, 34D)
|
Batting: RHB Sam Wallace
|
0-0: Ball 1-0: Ball 2-0: Called Strike 2-1: SINGLE (Groundball, 6MD) Fernando Ortíz to second
|
Batting: LHB José González
|
0-0: Grounds into double play, 4-6-3 (Groundball, 4) Fernando Ortíz to third
|
Batting: RHB Brett Bell
|
0-0: Foul Ball, location: 2F 0-1: Ball 1-1: Foul Ball, location: 2F 1-2: Strikes out swinging
|
Bottom of the 2nd over - 0 run(s), 2 hit(s), 0 error(s), 1 left on base; Mexico City 0 - Albuquerque 0 |
TOP OF THE 3RD |
Mexico City Cerveceros batting - Pitching for Albuquerque Isotopes : RHP Germán Hernández
|
Batting: RHB Luis Peña
|
0-0: Called Strike 0-1: Ball 1-1: Swinging Strike 1-2: Ball 2-2: Strikes out swinging
|
Batting: LHB David Monahan
|
0-0: Ball 1-0: Ball 2-0: Ball 3-0: Called Strike 3-1: DOUBLE (Line Drive, 89XD)
|
Batting: LHB Don Soper
|
0-0: Called Strike 0-1: Ball 1-1: Ball 2-1: Ball 3-1: DOUBLE (Flyball, 78XD) David Monahan scores
|
Batting: SHB Richard Bowman
|
0-0: Ball 1-0: Ground out 4-3 (Groundball, 34D) Don Soper to third
|
Batting: RHB Murai Ishihara
|
0-0: Foul Ball, location: 2F 0-1: SINGLE (Line Drive, 56D) Don Soper scores
|
Batting: RHB Hamilton Holbrook
|
0-0: Called Strike 0-1: Swinging Strike 0-2: Ball 1-2: DOUBLE (Line Drive, 9LM) Murai Ishihara to third Runner from 3rd tries for Home, SAFE, no throw
|
Batting: RHB Dennis Stephenson
|
0-0: Ball 1-0: Ball 2-0: Ball 3-0: Base on Balls
|
Batting: LHB Gary Kern
|
0-0: Called Strike 0-1: Ball 1-1: DOUBLE (Flyball, 7LM) Hamilton Holbrook scores Dennis Stephenson to third Runner from 3rd tries for Home, SAFE, throw made home
|
Batting: RHB Robinson Pacheco
|
0-0: Ball 1-0: Ball 2-0: Foul Ball, location: 2F 2-1: SINGLE (Groundball, 3D) Gary Kern to third Runner from 3rd tries for Home, SAFE, no throw
|
Pitching: RHP Mike Frank
|
|
Batting: RHB Luis Peña
|
0-0: Ball 1-0: Ball 2-0: Ball 3-0: Called Strike 3-1: Fly out, F9 (Flyball, 89M)
|
Top of the 3rd over - 6 run(s), 6 hit(s), 0 error(s), 1 left on base; Mexico City 6 - Albuquerque 0 |
BOTTOM OF THE 3RD |
Albuquerque Isotopes batting - Pitching for Mexico City Cerveceros : LHP Sean Perry
|
Batting: LHB Héctor Soto
|
0-0: Ball 1-0: Ground out U3 (Groundball, 3L)
|
Batting: RHB Jesse McKnight
|
0-0: Swinging Strike 0-1: Swinging Strike 0-2: Ball 1-2: Strikes out swinging
|
Batting: RHB Gonzalo Gil
|
0-0: Foul Ball, location: 2F 0-1: Ball 1-1: Ground out 6-3 (Groundball, 56D)
|
Bottom of the 3rd over - 0 run(s), 0 hit(s), 0 error(s), 0 left on base; Mexico City 6 - Albuquerque 0 |
TOP OF THE 4TH |
Mexico City Cerveceros batting - Pitching for Albuquerque Isotopes : RHP Mike Frank
|
Batting: LHB David Monahan
|
0-0: Ground out 4-3 (Groundball, 4)
|
Batting: LHB Don Soper
|
0-0: Ball 1-0: Called Strike 1-1: Ball 2-1: Fly out, F7 (Flyball, 7LS)
|
Batting: SHB Richard Bowman
|
0-0: Ball 1-0: Called Strike 1-1: Ball 2-1: Ball 3-1: Foul Ball, location: 2F 3-2: Base on Balls
|
Batting: RHB Murai Ishihara
|
0-0: Foul Ball, location: 2F 0-1: Fielders Choice at 2nd, 4-6 (Groundball, 4)
|
Top of the 4th over - 0 run(s), 0 hit(s), 0 error(s), 0 left on base; Mexico City 6 - Albuquerque 0 |
BOTTOM OF THE 4TH |
Albuquerque Isotopes batting - Pitching for Mexico City Cerveceros : LHP Sean Perry
|
Batting: RHB Víctor Solano
|
0-0: Fly out, F7 (Flyball, 7LM)
|
Batting: RHB Will Lott
|
0-0: Ball 1-0: Ball 2-0: Called Strike 2-1: Fly out, F8 (Flyball, 78S)
|
Batting: LHB Fernando Ortíz
|
0-0: Called Strike 0-1: Called Strike 0-2: Ball 1-2: Ball 2-2: Ground out U3 (Groundball, 3S)
|
Bottom of the 4th over - 0 run(s), 0 hit(s), 0 error(s), 0 left on base; Mexico City 6 - Albuquerque 0 |
TOP OF THE 5TH |
Mexico City Cerveceros batting - Pitching for Albuquerque Isotopes : RHP Mike Frank
|
Batting: RHB Hamilton Holbrook
|
0-0: Foul Ball, location: 2F 0-1: Foul Ball, location: 2F 0-2: Ball 1-2: Strikes out looking
|
Batting: RHB Dennis Stephenson
|
0-0: Called Strike 0-1: Ball 1-1: SINGLE (Groundball, 6) (infield hit)
|
Batting: LHB Gary Kern
|
0-0: Ball 1-0: Called Strike 1-1: Ball 2-1: Fly out, F7 (Line Drive, 7LM)
|
Batting: RHB Robinson Pacheco
|
0-0: Called Strike 0-1: Ball 1-1: Called Strike 1-2: Ball 2-2: Ball 3-2: Fly out, F8 (Flyball, 8LD)
|
Top of the 5th over - 0 run(s), 1 hit(s), 0 error(s), 1 left on base; Mexico City 6 - Albuquerque 0 |
BOTTOM OF THE 5TH |
Albuquerque Isotopes batting - Pitching for Mexico City Cerveceros : LHP Sean Perry
|
Batting: RHB Sam Wallace
|
0-0: Ball 1-0: Ball 2-0: Ball 3-0: Base on Balls
|
Batting: LHB José González
|
0-0: Ball 1-0: Ball 2-0: Foul Ball, location: 2F 2-1: Fly out, F7 (Flyball, 7)
|
Batting: RHB Brett Bell
|
0-0: Ball 1-0: Called Strike 1-1: Grounds into double play, 6-4-3 (Groundball, 6)
|
Bottom of the 5th over - 0 run(s), 0 hit(s), 0 error(s), 0 left on base; Mexico City 6 - Albuquerque 0 |
TOP OF THE 6TH |
Mexico City Cerveceros batting - Pitching for Albuquerque Isotopes : RHP Mike Frank
|
Pitching: RHP Howard Joyce
|
|
Batting: RHB Luis Peña
|
0-0: Called Strike 0-1: Ball 1-1: Called Strike 1-2: Foul Ball, location: 2F 1-2: SINGLE (Groundball, 6D)
|
Batting: LHB David Monahan
|
0-0: Ball 1-0: SINGLE (Groundball, 4MD) Luis Peña to second Runner from 2nd tries for 3rd, SAFE, no throw
|
Batting: LHB Don Soper
|
0-0: Called Strike 0-1: Ball 1-1: Foul Ball, location: 2F 1-2: Strikes out swinging
|
Batting: SHB Richard Bowman
|
0-0: Ball 1-0: Swinging Strike 1-1: Called Strike 1-2: Ball 2-2: Ball 3-2: Base on Balls David Monahan to second
|
Batting: RHB Murai Ishihara
|
0-0: SINGLE (Groundball, 6MD) Luis Peña scores David Monahan to third Richard Bowman to second Runner from 3rd tries for Home, SAFE, throw made home Richard Bowman to third Murai Ishihara to second
|
Batting: RHB Hamilton Holbrook
|
0-0: Ball 1-0: Ball 2-0: Foul Ball, location: 2F 2-1: Ball 3-1: Foul Ball, location: 2F 3-2: Foul Ball, location: 2F 3-2: Strikes out looking
|
Batting: RHB Dennis Stephenson
|
0-0: Ball 1-0: Foul Ball, location: 2F 1-1: Ball 2-1: Called Strike 2-2: Reached on error, E4 (Groundball, 4S) Richard Bowman scores Murai Ishihara to third
|
Pitching: RHP Shiki Kanno
|
|
Batting: LHB Gary Kern
|
0-0: Ball 1-0: Ball 2-0: Foul Ball, location: 2F 2-1: Ball 3-1: Foul Ball, location: 2F 3-2: Foul Ball, location: 2F 3-2: Fly out, F4 (Line Drive, 4)
|
Top of the 6th over - 3 run(s), 3 hit(s), 1 error(s), 2 left on base; Mexico City 9 - Albuquerque 0 |
BOTTOM OF THE 6TH |
Albuquerque Isotopes batting - Pitching for Mexico City Cerveceros : LHP Sean Perry
|
Batting: LHB Héctor Soto
|
0-0: Ball 1-0: Ball 2-0: Foul Ball, location: 2F 2-1: Called Strike 2-2: Ground out U3 (Groundball, 34S)
|
Batting: RHB Jesse McKnight
|
0-0: Ball 1-0: Foul Ball, location: 2F 1-1: Ball 2-1: Called Strike 2-2: Foul Ball, location: 2F 2-2: Ball 3-2: Foul Ball, location: 2F 3-2: Foul Ball, location: 2F 3-2: Strikes out swinging
|
Batting: RHB Gonzalo Gil
|
0-0: Ball 1-0: Called Strike 1-1: DOUBLE (Line Drive, 89D)
|
Batting: RHB Víctor Solano
|
0-0: Ball 1-0: Ball 2-0: Foul Ball, location: 2F 2-1: Ball 3-1: Base on Balls
|
Batting: RHB Will Lott
|
0-0: 3-RUN HOME RUN (Flyball, 7LD), Distance : 388 ft
|
Batting: LHB Fernando Ortíz
|
0-0: Ball 1-0: Ground out 5-3 (Groundball, 2L)
|
Bottom of the 6th over - 3 run(s), 2 hit(s), 0 error(s), 0 left on base; Mexico City 9 - Albuquerque 3 |
TOP OF THE 7TH |
Mexico City Cerveceros batting - Pitching for Albuquerque Isotopes : RHP Shiki Kanno
|
Batting: RHB Robinson Pacheco
|
0-0: Called Strike 0-1: Ball 1-1: Foul Ball, location: 2F 1-2: Foul Ball, location: 2F 1-2: Strikes out swinging
|
Batting: RHB Luis Peña
|
0-0: Ball 1-0: Ball 2-0: Hit by Pitch
|
Batting: LHB David Monahan
|
0-0: Called Strike Luis Peña steals 2nd base 0-1: Foul Ball, location: 2F 0-2: Foul Ball, location: 2F 0-2: Ball 1-2: Ground out 3-1 (Groundball, 34) Luis Peña to third
|
Batting: LHB Don Soper
|
0-0: Ball 1-0: Fly out, F9 (Flyball, 9S)
|
Top of the 7th over - 0 run(s), 0 hit(s), 0 error(s), 1 left on base; Mexico City 9 - Albuquerque 3 |
BOTTOM OF THE 7TH |
Albuquerque Isotopes batting - Pitching for Mexico City Cerveceros : LHP Sean Perry
|
Batting: RHB Sam Wallace
|
0-0: Called Strike 0-1: Ball 1-1: Ball 2-1: Swinging Strike 2-2: DOUBLE (Line Drive, 7LD)
|
Batting: LHB José González
|
0-0: Ball 1-0: Ball Wild Pitch! Sam Wallace to third 2-0: Swinging Strike 2-1: Ball 3-1: Ground out 1-3 (Groundball, 13S)
|
Batting: RHB Brett Bell
|
0-0: Called Strike 0-1: Ball 1-1: Ball 2-1: Ball 3-1: Foul Ball, location: 2F 3-2: Foul Ball, location: 2F 3-2: Base on Balls
|
Batting: LHB Héctor Soto
|
0-0: Ball 1-0: Called Strike 1-1: Ball 2-1: Ball 3-1: Foul Ball, location: 2F 3-2: Base on Balls Brett Bell to second
|
Pitching: LHP Columbo Briatori
|
|
Batting: RHB Jesse McKnight
|
0-0: Called Strike 0-1: Ball 1-1: Ball 2-1: Fly out, F8 (Flyball, 8RXD) Runner from 3rd tags up, SCORES, no throw
|
Batting: RHB Gonzalo Gil
|
0-0: Ball 1-0: Ball 2-0: Ball 3-0: Base on Balls Brett Bell to third Héctor Soto to second
|
Batting: RHB Víctor Solano
|
0-0: Ball 1-0: Fielders Choice at 2nd, 5-4 (Groundball, 56)
|
Bottom of the 7th over - 1 run(s), 1 hit(s), 0 error(s), 2 left on base; Mexico City 9 - Albuquerque 4 |
TOP OF THE 8TH |
Mexico City Cerveceros batting - Pitching for Albuquerque Isotopes : RHP Shiki Kanno
|
Batting: SHB Richard Bowman
|
0-0: Called Strike 0-1: Ball 1-1: Ball 2-1: Ball 3-1: DOUBLE (Line Drive, 7LS)
|
Batting: RHB Murai Ishihara
|
0-0: Swinging Strike 0-1: Swinging Strike 0-2: Ball 1-2: Fly out, F7 (Flyball, 78XD) Runner from 2nd tags up, SAFE at 3rd, no throw
|
Batting: RHB Hamilton Holbrook
|
0-0: Foul Ball, location: 2F 0-1: Swinging Strike 0-2: Foul Ball, location: 2F 0-2: Ball 1-2: Ball 2-2: Foul Ball, location: 2F 2-2: Ball 3-2: Strikes out swinging
|
Batting: RHB Dennis Stephenson
|
0-0: Called Strike 0-1: Ball 1-1: Ball 2-1: Ground out 6-3 (Groundball, 6)
|
Top of the 8th over - 0 run(s), 1 hit(s), 0 error(s), 1 left on base; Mexico City 9 - Albuquerque 4 |
BOTTOM OF THE 8TH |
Albuquerque Isotopes batting - Pitching for Mexico City Cerveceros : LHP Columbo Briatori
|
Now at C: Fernando Garza
|
|
Now at 1B: Orlando Núñes
|
|
Batting: RHB Will Lott
|
0-0: Called Strike 0-1: Ball 1-1: Ball 2-1: Ball 3-1: Base on Balls
|
Batting: LHB Fernando Ortíz
|
0-0: Ball 1-0: Ball 2-0: Ball 3-0: Base on Balls Will Lott to second
|
Batting: RHB Sam Wallace
|
0-0: Foul Ball, location: 2F 0-1: Swinging Strike 0-2: Foul Ball, location: 2F 0-2: Ball 1-2: Ball 2-2: Ball 3-2: Base on Balls Will Lott to third Fernando Ortíz to second
|
Pitching: LHP Rubén Rico
|
|
Batting: LHB José González
|
0-0: Ball 1-0: Called Strike 1-1: Foul Ball, location: 2F 1-2: Ball 2-2: Foul Ball, location: 2F 2-2: Ground out 6-3 (Groundball, 6MS) Will Lott scores Fernando Ortíz to third Sam Wallace to second
|
Pitching: RHP Gil Dickson
|
|
Batting: RHB Brett Bell
|
0-0: Ball 1-0: Called Strike 1-1: Swinging Strike 1-2: Strikes out swinging passed ball, reaches first! Fernando Ortíz scores Sam Wallace to third
|
Batting: LHB Héctor Soto
|
0-0: Ball 1-0: Foul Ball, location: 2F 1-1: Called Strike 1-2: Ball 2-2: Foul Ball, location: 2F 2-2: DOUBLE (Line Drive, 78M) Sam Wallace scores Brett Bell to third
|
Pinch Hitting: RHB Nick Harris
|
0-0: Foul Ball, location: 2F 0-1: Ball 1-1: Called Strike 1-2: Fly out, F7 (Flyball, 7) Throwing error, E7 Brett Bell scores Héctor Soto to third
|
Pinch Hitting: LHB Bernardo Montés
|
0-0: Ball 1-0: Ball 2-0: Ball 3-0: Foul Ball, location: 2F 3-1: Base on Balls
|
Pinch Hitting: SHB Clint Woods
|
0-0: Foul Ball, location: 2F 0-1: Ball 1-1: Fielders Choice at 2nd, 4-6 (Groundball, 4)
|
Bottom of the 8th over - 4 run(s), 1 hit(s), 1 error(s), 1 left on base; Mexico City 9 - Albuquerque 8 |
TOP OF THE 9TH |
Mexico City Cerveceros batting - Pitching for Albuquerque Isotopes : RHP Shiki Kanno
|
Now at 2B: Raúl Bauza
|
|
Now at 3B: Luis Martínez
|
|
Now in CF: Nick Harris
|
|
Batting: LHB Gary Kern
|
0-0: SINGLE (Line Drive, 89M)
|
Batting: RHB Robinson Pacheco
|
0-0: Called Strike 0-1: Ball 1-1: Ball 2-1: Sac Bunt - play at first, batter OUT! 1-4 Gary Kern to second
|
Pinch Hitting: LHB John Nicholson
|
0-0: Ball 1-0: Swinging Strike 1-1: Ball 2-1: Ball 3-1: Foul Ball, location: 2F 3-2: Foul Ball, location: 2F 3-2: Base on Balls
|
Pitching: RHP Ron Crawford
|
|
Batting: LHB David Monahan
|
0-0: Foul Ball, location: 2F 0-1: Ball 1-1: Ball 2-1: Called Strike 2-2: Ball 3-2: Strikes out looking
|
Batting: LHB Don Soper
|
0-0: Ball 1-0: SINGLE (Groundball, 34D) Gary Kern to third John Nicholson to second Runner from 3rd tries for Home, SAFE, no throw
|
Batting: SHB Richard Bowman
|
0-0: Ground out U3 (Groundball, 3)
|
Top of the 9th over - 1 run(s), 2 hit(s), 0 error(s), 2 left on base; Mexico City 10 - Albuquerque 8 |
BOTTOM OF THE 9TH |
Albuquerque Isotopes batting - Pitching for Mexico City Cerveceros : RHP Gil Dickson
|
Pitching: RHP Jesús Mendoza
|
|
Now at 2B: Soetsu Kaneko
|
|
Now in RF: John Nicholson
|
|
Batting: RHB Will Lott
|
0-0: Called Strike 0-1: Swinging Strike 0-2: Ball 1-2: Ball 2-2: Ball 3-2: Foul Ball, location: 2F 3-2: Foul Ball, location: 2F 3-2: Foul Ball, location: 2F 3-2: SINGLE (Line Drive, 7LS)
|
Batting: LHB Fernando Ortíz
|
0-0: Swinging Strike 0-1: Called Strike 0-2: Ball 1-2: Ball 2-2: Ball 3-2: Base on Balls Will Lott to second
|
Pinch Hitting: LHB Juan Carlos Sánchez
|
0-0: Ball 1-0: Swinging Strike 1-1: Foul Ball, location: 2F 1-2: Ball 2-2: Strikes out swinging
|
Batting: LHB José González
|
0-0: Called Strike 0-1: Called Strike 0-2: Strikes out swinging
|
Batting: RHB Brett Bell
|
0-0: Called Strike 0-1: Ball 1-1: Swinging Strike 1-2: Ball 2-2: Ball 3-2: Foul Ball, location: 2F 3-2: Strikes out looking
|
Bottom of the 9th over - 0 run(s), 1 hit(s), 0 error(s), 2 left on base; Mexico City 10 - Albuquerque 8 |
|